 Dungeon Crawl Stone Soup version 0.26-a0-812-g31a745ddcd (webtiles) character file.

Game seed: 2919615780711625166

146 Morbidden the Conjurer (level 5, -4/40 HPs)
             Began as a Draconian Conjurer on Nov 13, 2020.
             Slain by a scorpion (6 damage)
             ... on level 3 of the Dungeon.
             The game lasted 00:03:40 (2970 turns).

Morbidden the Conjurer (Draconian Conjurer)         Turns: 2970, Time: 00:03:41

Health: -4/40      AC:  5    Str:  9    XL:     5   Next: 7%
Magic:  2/9        EV: 12    Int: 20    God:
Gold:   151        SH:  0    Dex:  9    Spells: 6/9 levels left

rFire    . . .     SeeInvis .     - Unarmed
rCold    . . .     Faith    .   (no shield)
rNeg     . . .     Spirit   .   (armour unavailable)
rPois    .         Reflect  .   (helmet restricted)
rElec    .         Harm     .   (no cloak)
rCorr    .         Rampage  .   (no gloves)
MR       .....                  (no boots)
Stlth    ++........             (no amulet)
HPRegen  0.13/turn              (no ring)
MPRegen  0.11/turn              (no ring)

@: lethally poisoned (-4 -> -7)
A: unfitting armour, cold-blooded, AC +5
a: no special abilities


You were on level 3 of the Dungeon.
You visited 1 branch of the dungeon, and saw 3 of its levels.

You collected 151 gold pieces.

Inventory:

Potions
 a - a potion of flight


   Skills:
 * Level 1.3 Fighting
 * Level 2.5 Dodging
 + Level 2.0 Stealth
 + Level 1.1 Unarmed Combat
 * Level 2.9 Spellcasting
 * Level 4.9 Conjurations


You had 6 spell levels left.
You knew the following spells:

 Your Spells              Type           Power        Failure   Level
a - Magic Dart            Conj           ###.         1%          1
b - Searing Ray           Conj           ###...       2%          2

Your spell library contained the following spells:

 Spells                   Type           Power        Failure   Level
 Dazzling Flash           Conj/Hex       ##....       16%         3
 Fulminant Prism          Conj/Hex       ##........   45%         4
 Iskenderun's Mystic Bla  Conj/Tloc      ##......     45%         4


Dungeon Overview and Level Annotations

Branches:
Dungeon (3/15)

Altars:

Annotations:
D:2 1 runed translucent door, exclusion: centaur, Crazy Yiuf


Innate Abilities, Weirdness & Mutations

Your plain brown scales are hard. (AC +5)
You cannot fit into any form of body armour.
You are cold-blooded and may be slowed by cold attacks.


Message History

As you read the scroll labelled EVUMUVODIDI, it crumbles to dust.
You feel aware of your surroundings.
It was a scroll of magic mapping.
The scorpion stings you.
* * * LOW HITPOINT WARNING * * *
Unknown command.
Sorry, you're not good enough to have a special ability.
Unknown command.
Unknown command.
Sorry, you're not good enough to have a special ability.
Unknown command.
Casting: Magic Dart (safe; 1% risk of failure)
Confirm with . or Enter, or press ? or * to list all spells.
Aiming: Magic Dart (safe; 1% risk of failure)
Press: ? - help, Shift-Dir - straight line, f/p - scorpion
Aim: a scorpion (severely wounded)
The magic dart hits the scorpion.
The scorpion is severely wounded.
* * * LOW HITPOINT WARNING * * *
You feel sick. The scorpion stings you.
You die...

******** ,,,,,.,*
,,,,,>.####### **####******
,**,,........######.....,,,,,*
,,,,,...<...........#*******,*
,,,,,..........s@.#** *,*
,,,,,,....##.####.# *,*
,***,,.****#.# #.# *,* **
*,,,* #.# #.# *,* ,***,,,* #.#
#.# *,* ,,,..*** #.# #.# *,*
,**#.# #.# #.# *,* ***#.# #.#
#.####### **,** ,,,..#
#.####....†..#**,,,**


You could see a scorpion.

Vanquished Creatures
  An orc wizard (D:3)
  4 adders
  An ooze (D:1)
  A worm (D:3)
  4 dart slugs
  3 leopard geckos
  2 orcs (D:3)
  2 ball pythons
  2 giant cockroaches
  6 goblins
  4 hobgoblins
  10 jackals
  7 kobolds
  A quokka (D:2)
  5 bats
  2 frilled lizards (D:1)
  7 rats
62 creatures vanquished.

Notes
Turn   | Place    | Note
-------+----------+-------------------------------------------
     0 | D:1      | Morbidden the Draconian Conjurer began the quest for the
                  | Orb.
     0 | D:1      | Reached XP level 1. HP: 14/14 MP: 3/3
   373 | D:1      | Reached XP level 2. HP: 15/20 MP: 1/5
   504 | D:1      | Learned a level 2 spell: Searing Ray
   756 | D:1      | Reached XP level 3. HP: 23/27 MP: 0/6
  1902 | D:2      | Noticed a centaur
  2048 | D:2      | Found a runed translucent door.
  2049 | D:2      | Noticed Crazy Yiuf
  2272 | D:2      | Reached XP level 4. HP: 29/34 MP: 4/8
  2568 | D:3      | Reached skill level 1 in Fighting
  2593 | D:3      | Reached skill level 1 in Unarmed Combat
  2857 | D:3      | Reached XP level 5. HP: 40/40 MP: 5/9
  2970 | D:3      | HP: 2/40 [poisoned by a scorpion]
  2970 | D:3      | Slain by a scorpion

Illustrated notes

Levels and vault maps discovered:
D:1:      eino_arrival_tree_alley, layout_basic, minmay_close_crescents
D:2:      kennysheep_six_static_rooms, layout_loops_ring,
          uniq_crazy_yiuf_cottage
D:3:      layout_loops_ring

Skill      XL: |  1  2  3  4 |
---------------+-------------+-----
Dodging        | 2 |  2.5
Fighting       | 1 |  1.3
Unarmed Combat | 1 |  1.1
Stealth        | 2 |  2.0
Spellcasting   | |  2.9
Conjurations   | |  4.9

Action                   |  1- 3 |  4- 6 || total
-------------------------+-------+-------++-------
Melee: Unarmed           |   110 |    21 ||   131
       Tailslap          |     8 |     3 ||    11
 Cast: Magic Dart        |    62 |    16 ||    78
       Searing Ray       |     4 |     6 ||    10
  Use: Potion            |       |     7 ||     7
       Scroll            |       |     3 ||     3
Armor: Skin              |    43 |    16 ||    59
Dodge: Dodged            |    82 |    26 ||   108

Table legend: (Time is in decaauts)
 A = Elapsed time spent in this place.
 B = Non-inter-level travel time spent in this place.
 C = Inter-level travel time spent in this place.
 D = Time resting spent in this place.
 E = Time spent auto-exploring this place.
 F = Levels seen in this place.
 G = Mean time per level.
                   A        B        C        D        E       F      G
               +--------+--------+--------+--------+--------+-----+--------+
         Total |   2950 |   2906 |     44 |    211 |   2297 |   3 |  983.3 |
       Dungeon |   2950 |   2906 |     44 |    211 |   2297 |   3 |  983.3 |
               +--------+--------+--------+--------+--------+-----+--------+

Top non-repeatable levels by time:
     D:1: 1492 daAuts
     D:2: 1053 daAuts
     D:3: 404 daAuts
